PL
DETROIT RENAISSANCE @ ATHLETIC CLUB KC
08/08/2026
 
TOP OF THE 1ST
Detroit Renaissance batting - Pitching for Athletic Club KC : LHP Vincent Hall
Pitching: LHP Vincent Hall
Batting: RHB Kyle Bywaters 0-0: Called Strike
0-1: Foul Ball, location: 2F
0-2: Strikes out swinging
Batting: RHB Bernardo Herrera 0-0: Ball
1-0: Fly out, F7 (Flyball, 7S)
Batting: SHB Terumoto Kurihara 0-0: Ball
1-0: Foul Ball, location: 2F
1-1: Ball
2-1: DOUBLE (Line Drive, 7LD)
Batting: LHB Juan González 0-0: Swinging Strike
0-1: Ball
1-1: Ball
2-1: Swinging Strike
2-2: Foul Ball, location: 2F
2-2: Strikes out looking
Top of the 1st over - 0 run(s), 1 hit(s), 0 error(s), 1 left on base; Detroit 0 - Athletic Club KC 0
BOTTOM OF THE 1ST
Athletic Club KC batting - Pitching for Detroit Renaissance : RHP Ryan Bentley
Pitching: RHP Ryan Bentley
Batting: SHB Eric Moore 0-0: Ball
1-0: Foul Ball, location: 2F
1-1: Called Strike
1-2: Foul Ball, location: 2F
1-2: Strikes out swinging
Batting: RHB David Edwards 0-0: Swinging Strike
0-1: Called Strike
0-2: Ball
1-2: Fly out, F7 (Flyball, 78S)
Batting: SHB Pedro Vázquez 0-0: Ball
1-0: Ground out U3 (Groundball, 34)
Bottom of the 1st over - 0 run(s), 0 hit(s), 0 error(s), 0 left on base; Detroit 0 - Athletic Club KC 0
TOP OF THE 2ND
Detroit Renaissance batting - Pitching for Athletic Club KC : LHP Vincent Hall
Batting: LHB Yoichibei Sato 0-0: Called Strike
0-1: Ball
1-1: Foul Ball, location: 2F
1-2: Ball
2-2: Foul Ball, location: 2F
2-2: Foul Ball, location: 2F
2-2: Fly out, F3 (Popup, 3L)
Batting: LHB Bartolo Benítez 0-0: SINGLE (Line Drive, 56D)
Batting: LHB Gustavo Cortéz 0-0: Foul Ball, location: 2F
0-1: Ball
1-1: Foul Ball, location: 2F
1-2: Ball
2-2: SINGLE (Groundball, 4MD)
Bartolo Benítez to second
Batting: RHB Chandler Bailey 0-0: Swinging Strike
0-1: Ball
Wild Pitch!
Bartolo Benítez to third
Gustavo Cortéz to second
1-1: DOUBLE (Line Drive, 7D)
Bartolo Benítez scores
Gustavo Cortéz scores
Batting: LHB Greg Robinson 0-0: Called Strike
0-1: Ground out 5-3 (Groundball, 56)
Batting: RHB Kyle Bywaters 0-0: Ground out 6-3 (Groundball, 6)
Top of the 2nd over - 2 run(s), 3 hit(s), 0 error(s), 1 left on base; Detroit 2 - Athletic Club KC 0
BOTTOM OF THE 2ND
Athletic Club KC batting - Pitching for Detroit Renaissance : RHP Ryan Bentley
Batting: RHB Todd Blake 0-0: Ball
1-0: Fly out, F5 (Popup, 5S)
Batting: RHB Ramón Souza 0-0: Ball
1-0: Called Strike
1-1: Ball
2-1: Swinging Strike
2-2: Strikes out looking
Batting: RHB Dao-zi Dai 0-0: Ball
1-0: Called Strike
1-1: Swinging Strike
1-2: Foul Ball, location: 2F
1-2: Strikes out looking
Bottom of the 2nd over - 0 run(s), 0 hit(s), 0 error(s), 0 left on base; Detroit 2 - Athletic Club KC 0
TOP OF THE 3RD
Detroit Renaissance batting - Pitching for Athletic Club KC : LHP Vincent Hall
Batting: RHB Bernardo Herrera 0-0: Ball
1-0: Called Strike
1-1: Ball
2-1: Ground out 4-3 (Groundball, 4M)
Batting: SHB Terumoto Kurihara 0-0: Ball
1-0: Swinging Strike
1-1: Fly out, F9 (Flyball, 9LS)
Batting: LHB Juan González 0-0: Foul Ball, location: 2F
0-1: Ball
1-1: Ball
2-1: Called Strike
2-2: Ball
3-2: Fly out, F8 (Flyball, 78M)
Top of the 3rd over - 0 run(s), 0 hit(s), 0 error(s), 0 left on base; Detroit 2 - Athletic Club KC 0
BOTTOM OF THE 3RD
Athletic Club KC batting - Pitching for Detroit Renaissance : RHP Ryan Bentley
Batting: SHB David Henderson 0-0: Ball
1-0: Ball
2-0: Swinging Strike
2-1: Ball
3-1: Base on Balls
Batting: RHB Harry Fuller 0-0: Foul Ball, location: 2F
0-1: Ball
1-1: Fly out, F7 (Flyball, 78S)
Batting: LHB Manuel Domínguez 0-0: Foul Ball, location: 2F
0-1: Ball
1-1: Ball
2-1: Fly out, F9 (Flyball, 89XD)
Batting: SHB Eric Moore 0-0: Called Strike
0-1: Called Strike
0-2: Strikes out looking
Bottom of the 3rd over - 0 run(s), 0 hit(s), 0 error(s), 1 left on base; Detroit 2 - Athletic Club KC 0
TOP OF THE 4TH
Detroit Renaissance batting - Pitching for Athletic Club KC : LHP Vincent Hall
Batting: LHB Yoichibei Sato 0-0: Called Strike
0-1: Ball
1-1: Ball
2-1: Ground out 1-3 (Groundball, P)
Batting: LHB Bartolo Benítez 0-0: Ball
1-0: Ball
2-0: SINGLE (Groundball, 56D)
Batting: LHB Gustavo Cortéz 0-0: Swinging Strike
0-1: Ball
1-1: Called Strike
1-2: Fielders Choice at 2nd, 3-6 (Groundball, 3)
Batting: RHB Chandler Bailey 0-0: Called Strike
0-1: Swinging Strike
0-2: Ball
1-2: Foul Ball, location: 2F
1-2: Ball
2-2: Strikes out swinging
Top of the 4th over - 0 run(s), 1 hit(s), 0 error(s), 1 left on base; Detroit 2 - Athletic Club KC 0
BOTTOM OF THE 4TH
Athletic Club KC batting - Pitching for Detroit Renaissance : RHP Ryan Bentley
Batting: RHB David Edwards 0-0: Foul Ball, location: 2F
0-1: Foul Ball, location: 2F
0-2: Foul Ball, location: 2F
0-2: Fly out, F8 (Flyball, 8RS)
Batting: SHB Pedro Vázquez 0-0: Fly out, F8 (Flyball, 8RM)
Batting: RHB Todd Blake 0-0: Ball
1-0: Ball
2-0: Ball
3-0: Base on Balls
Batting: RHB Ramón Souza 0-0: Ball
1-0: Called Strike
1-1: Ball
2-1: Foul Ball, location: 2F
2-2: Foul Ball, location: 2F
2-2: Ball
3-2: Fly out, F4 (Popup, 4D)
Bottom of the 4th over - 0 run(s), 0 hit(s), 0 error(s), 1 left on base; Detroit 2 - Athletic Club KC 0
TOP OF THE 5TH
Detroit Renaissance batting - Pitching for Athletic Club KC : LHP Vincent Hall
Batting: LHB Greg Robinson 0-0: Ball
1-0: Ball
2-0: Ball
3-0: Called Strike
3-1: Foul Ball, location: 2F
3-2: Strikes out swinging
Batting: RHB Kyle Bywaters 0-0: Ball
1-0: Called Strike
1-1: Ball
2-1: Foul Ball, location: 2F
2-2: Foul Ball, location: 2F
2-2: Ground out 6-3 (Groundball, 56)
Batting: RHB Bernardo Herrera 0-0: Called Strike
0-1: Foul Ball, location: 2F
0-2: Ball
1-2: Strikes out looking
Top of the 5th over - 0 run(s), 0 hit(s), 0 error(s), 0 left on base; Detroit 2 - Athletic Club KC 0
BOTTOM OF THE 5TH
Athletic Club KC batting - Pitching for Detroit Renaissance : RHP Ryan Bentley
Batting: RHB Dao-zi Dai 0-0: Ball
1-0: Ball
2-0: Foul Ball, location: 2F
2-1: Ball
3-1: Base on Balls
Batting: SHB David Henderson 0-0: Called Strike
0-1: Fly out, F9 (Line Drive, 9D)
Batting: RHB Harry Fuller 0-0: Called Strike
0-1: SINGLE (Line Drive, 56D)
Dao-zi Dai to second
Batting: LHB Manuel Domínguez 0-0: Grounds into double play, 4-6-3 (Groundball, 4)
Bottom of the 5th over - 0 run(s), 1 hit(s), 0 error(s), 1 left on base; Detroit 2 - Athletic Club KC 0
TOP OF THE 6TH
Detroit Renaissance batting - Pitching for Athletic Club KC : LHP Vincent Hall
Batting: SHB Terumoto Kurihara 0-0: Foul Ball, location: 2F
0-1: Swinging Strike
0-2: Foul Ball, location: 2F
0-2: Ball
1-2: Strikes out swinging
Batting: LHB Juan González 0-0: Ball
1-0: Foul Ball, location: 2F
1-1: Fly out, F9 (Flyball, 9S)
Batting: LHB Yoichibei Sato 0-0: Called Strike
0-1: Ball
1-1: Called Strike
1-2: Ball
2-2: Ball
3-2: Base on Balls
Batting: LHB Bartolo Benítez 0-0: Called Strike
0-1: Ball
1-1: Ball
2-1: Called Strike
2-2: Ball
3-2: Foul Ball, location: 2F
3-2: Base on Balls
Yoichibei Sato to second
Batting: LHB Gustavo Cortéz 0-0: Called Strike
0-1: Ball
1-1: Swinging Strike
1-2: Fielders Choice at 2nd, 4-6 (Groundball, 4)
Top of the 6th over - 0 run(s), 0 hit(s), 0 error(s), 1 left on base; Detroit 2 - Athletic Club KC 0
BOTTOM OF THE 6TH
Athletic Club KC batting - Pitching for Detroit Renaissance : RHP Ryan Bentley
Batting: SHB Eric Moore 0-0: Ball
1-0: Foul Ball, location: 2F
1-1: Called Strike
1-2: TRIPLE (Flyball, 8RXD)
Batting: RHB David Edwards 0-0: Called Strike
0-1: Ball
1-1: Ball
2-1: Swinging Strike
2-2: Ball
3-2: Foul Ball, location: 2F
3-2: Foul Ball, location: 2F
3-2: Ground out 1-3 (Groundball, 13S)
Batting: SHB Pedro Vázquez 0-0: Fly out, F8 (Flyball, 78S)
Batting: RHB Todd Blake 0-0: Ball
1-0: Foul Ball, location: 2F
1-1: Ball
2-1: Foul Ball, location: 2F
2-2: Strikes out swinging
Bottom of the 6th over - 0 run(s), 1 hit(s), 0 error(s), 1 left on base; Detroit 2 - Athletic Club KC 0
TOP OF THE 7TH
Detroit Renaissance batting - Pitching for Athletic Club KC : LHP Vincent Hall
Pitching: LHP António Uribe
Batting: RHB Chandler Bailey 0-0: Ball
1-0: Called Strike
1-1: Foul Ball, location: 2F
1-2: Strikes out looking
Batting: LHB Greg Robinson 0-0: Ball
1-0: Foul Ball, location: 2F
1-1: Hit by Pitch
Batting: RHB Kyle Bywaters 0-0: Foul Ball, location: 2F
0-1: Foul Ball, location: 2F
0-2: Foul Ball, location: 2F
0-2: Ball
1-2: Ball
2-2: DOUBLE (Line Drive, 7LM)
Greg Robinson to third
Runner from 3rd tries for Home, SAFE, throw made at trailing runner, SAFE at third!
Batting: RHB Bernardo Herrera 0-0: Called Strike
0-1: Called Strike
0-2: SINGLE (Groundball, 6MD)
Kyle Bywaters scores
Batting: SHB Terumoto Kurihara 0-0: Called Strike
0-1: Grounds into double play, 5-4-3 (Groundball, 56)
Top of the 7th over - 2 run(s), 2 hit(s), 0 error(s), 0 left on base; Detroit 4 - Athletic Club KC 0
BOTTOM OF THE 7TH
Athletic Club KC batting - Pitching for Detroit Renaissance : RHP Ryan Bentley
Batting: RHB Ramón Souza 0-0: Ball
1-0: Ball
2-0: Ball
3-0: Foul Ball, location: 2F
3-1: Called Strike
3-2: Base on Balls
Batting: RHB Dao-zi Dai 0-0: Hit by Pitch
Ramón Souza to second
Batting: SHB David Henderson 0-0: Ball
1-0: Swinging Strike
1-1: Swinging Strike
1-2: Strikes out looking
Batting: RHB Harry Fuller 0-0: Ball
1-0: Reached on error, E5 (Groundball, 56)
Ramón Souza to third
Dao-zi Dai to second
Batting: LHB Manuel Domínguez 0-0: Ball
1-0: Ball
2-0: Called Strike
2-1: Fly out, F9 (Flyball, 9)
Throwing error, E9
Ramón Souza scores
Dao-zi Dai to third
Harry Fuller to second
Batting: SHB Eric Moore 0-0: Called Strike
0-1: Ball
1-1: Ball
2-1: Ground out 4-3 (Groundball, 34)
Bottom of the 7th over - 1 run(s), 0 hit(s), 2 error(s), 2 left on base; Detroit 4 - Athletic Club KC 1
TOP OF THE 8TH
Detroit Renaissance batting - Pitching for Athletic Club KC : LHP António Uribe
Batting: LHB Juan González 0-0: Ball
1-0: Swinging Strike
1-1: Swinging Strike
1-2: Strikes out swinging
Batting: LHB Yoichibei Sato 0-0: Ball
1-0: Ball
2-0: Foul Ball, location: 2F
2-1: Foul Ball, location: 2F
2-2: Foul Ball, location: 2F
2-2: Foul Ball, location: 2F
2-2: Strikes out swinging
Batting: LHB Bartolo Benítez 0-0: Ball
1-0: Called Strike
1-1: Swinging Strike
1-2: Strikes out swinging
Top of the 8th over - 0 run(s), 0 hit(s), 0 error(s), 0 left on base; Detroit 4 - Athletic Club KC 1
BOTTOM OF THE 8TH
Athletic Club KC batting - Pitching for Detroit Renaissance : RHP Ryan Bentley
Batting: RHB David Edwards 0-0: Ball
1-0: Ball
2-0: Foul Ball, location: 2F
2-1: Foul Ball, location: 2F
2-2: SINGLE (Line Drive, 8RS)
Pitching: RHP Lyle Lanley
Batting: SHB Pedro Vázquez 0-0: Ball
1-0: Called Strike
1-1: SINGLE (Groundball, 34D)
David Edwards to second
Runner from 2nd tries for 3rd, SAFE, throw made to third
Pedro Vázquez to second
Batting: RHB Todd Blake 0-0: DOUBLE (Line Drive, 8LXD)
David Edwards scores
Pedro Vázquez scores
Batting: RHB Ramón Souza 0-0: Called Strike
0-1: Ball
1-1: Ball
2-1: Swinging Strike
2-2: Strikes out swinging
Batting: RHB Dao-zi Dai 0-0: Ground out 5-3 (Groundball, 5)
Pitching: RHP Jack Carr
Batting: SHB David Henderson 0-0: SINGLE (Line Drive, 8RS)
Todd Blake to third
Pitching: RHP Rafael García
Pinch Hitting: RHB Luis Muńóz 0-0: Called Strike
0-1: Swinging Strike
0-2: SINGLE (Flyball, 8LS)
Todd Blake scores
David Henderson to second
Batting: LHB Manuel Domínguez 0-0: Ball
1-0: Ball
2-0: Called Strike
2-1: DOUBLE (Flyball, 8RXD)
David Henderson scores
Luis Muńóz to third
Batting: SHB Eric Moore 0-0: Called Strike
0-1: Swinging Strike
0-2: Foul Ball, location: 2F
0-2: Ball
1-2: Ball
2-2: Foul Ball, location: 2F
2-2: SINGLE (Groundball, 6D)
Luis Muńóz scores
Manuel Domínguez to third
Runner from 3rd tries for Home, SAFE, no throw
Batting: RHB David Edwards 0-0: Ball
Eric Moore steals 2nd base
1-0: Fly out, F9 (Line Drive, 9)
Bottom of the 8th over - 6 run(s), 7 hit(s), 0 error(s), 1 left on base; Detroit 4 - Athletic Club KC 7
TOP OF THE 9TH
Detroit Renaissance batting - Pitching for Athletic Club KC : LHP António Uribe
Pitching: RHP Gene Kirkland
Now at 3B: Luis Muńóz
Batting: LHB Gustavo Cortéz 0-0: Ball
1-0: Ball
2-0: Ball
3-0: Called Strike
3-1: Called Strike
3-2: Fly out, F8 (Flyball, 8RM)
Batting: RHB Chandler Bailey 0-0: Called Strike
0-1: Ball
1-1: Called Strike
1-2: Ball
2-2: Strikes out swinging
Batting: LHB Greg Robinson 0-0: Called Strike
0-1: Ball
1-1: Called Strike
1-2: Strikes out swinging
Top of the 9th over - 0 run(s), 0 hit(s), 0 error(s), 0 left on base; Detroit 4 - Athletic Club KC 7
Monday, March 20th, 2017 - OOTP Baseball 17.12 Build 75